WCHLSIM.com - West Coast Hockey League
html PUBLIC "-//W3C//DTD XHTML 1.0 Transitional//EN" "http://www.w3.org/TR/xhtml1/DTD/xhtml1-transitional.dtd"> WCHL - Game 30 - BOISE CARIBOUS vs BANFF WOLVES

BOISE CARIBOUS vs BANFF WOLVES

Created - 15 octobre 2023 at 21:48

Goals
1 2 3 OT1 SO T
BOISE CARIBOUS 2 1 0 0 1 4
BANFF WOLVES 1 2 0 0 0 3
Shots
1 2 3 OT1 SO T
BOISE CARIBOUS 8 8 6 2 5 24
BANFF WOLVES 12 13 9 0 5 34

1st period

1. BOISE CARIBOUS , Troy Stecher 1 (Charlie Coyle 1, Jean-Gabriel Pageau 1) at 2:22
2. BANFF WOLVES , Joel Eriksson Ek 1 (Roope Hintz 2) at 5:51
3. BOISE CARIBOUS , Matt Duchene 1 (Vincent Trocheck 1) at 5:59

Penalties :
Moritz Seider (BOI) for Interference (Minor) at 14:51

2nd period

4. BANFF WOLVES , Elias Lindholm 2 (John Tavares 3) at 1:12
5. BOISE CARIBOUS , Jean-Gabriel Pageau 1 (Charlie Coyle 2, Moritz Seider 1) at 5:52
6. BANFF WOLVES , John Tavares 1 (Elias Lindholm 4) at 5:56

Penalties :
No Penalty

3rd period

No Goal

Penalties :
Rasmus Dahlin (BOI) for Interference (Minor) at 10:35, Troy Stecher (BOI) for Roughing (Double Minor) at 19:17

Overtime #1

No Goal

Penalties :
No Penalty

Shootout

BOISE CARIBOUS, Tim Stutzle - Stopped by Jordan Binnington
BANFF WOLVES, Mats Zuccarello - Stopped by Ilya Sorokin
BOISE CARIBOUS, Artturi Lehkonen - Stopped by Jordan Binnington
BANFF WOLVES, Roope Hintz - Shot Misses the Net
BOISE CARIBOUS, Vincent Trocheck - Shot Misses the Net
BANFF WOLVES, John Tavares - Stopped by Ilya Sorokin
BOISE CARIBOUS, Charlie Coyle - Stopped by Jordan Binnington
BANFF WOLVES, Tyler Toffoli - Stopped by Ilya Sorokin
BOISE CARIBOUS, Jean-Gabriel Pageau - Goal!
BANFF WOLVES, Timo Meier - Shot Misses the Net

Penalties :
No Penalty

Goalie Stats

Ilya Sorokin (BOI), 31 saves from 34 shots - (0,912), W, 1-0-0, 65:00 minutes
Jordan Binnington (BAN), 21 saves from 24 shots - (0,875), OTL, 2-0-1, 65:00 minutes

Players Stats for BOISE CARIBOUS

Player Name              G  A  P  +/- PIM S  H  SB GA TA FO     MP     PP MP  PK MP  
------------------------------------------------------------------------------------
Artturi Lehkonen         0  0  0  -2  0   3  1  1  0  0  3/4    18:42   0:00   0:00 
Charlie Coyle            0  2  2   2  0   3  0  1  0  0  0/0    17:31   0:00   3:10 
Dylan DeMelo             0  0  0   1  0   0  2  2  0  0  0/0    18:29   0:00   1:43 
Gabriel Vilardi          0  0  0   2  0   0  0  0  0  0  1/1    13:41   0:00   0:00 
Jean-Gabriel Pageau      1  1  2   2  0   2  3  0  0  0  13/18  16:51   0:00   3:10 
Jesperi Kotkaniemi       0  0  0   0  0   1  0  0  0  0  4/5     5:41   0:00   0:04 
Kaapo Kakko              0  0  0   0  0   0  1  0  0  0  1/2     6:57   0:00   1:20 
Kirill Marchenko         0  0  0   0  0   0  0  0  0  0  1/1     5:37   0:00   0:00 
Lawson Crouse            0  0  0   0  0   1  1  0  0  0  0/3    20:16   0:00   1:53 
Marcus Pettersson        0  0  0   0  0   0  0  0  0  0  0/0    22:37   0:00   4:36 
Matt Duchene             1  0  1   0  0   3  0  0  0  0  2/3    18:23   0:00   0:00 
Moritz Seider            0  1  1   0  2   1  2  1  0  0  0/0    21:34   0:00   3:26 
Nick Schmaltz            0  0  0  -2  0   5  0  0  0  0  0/2    17:39   0:00   0:00 
Rasmus Andersson         0  0  0  -1  0   0  2  1  0  0  0/0    23:49   0:00   2:22 
Rasmus Dahlin            0  0  0  -1  2   0  4  4  0  0  0/0    25:50   0:00   2:08 
Tim Stutzle              0  0  0  -2  0   1  2  1  0  0  8/23   20:12   0:00   1:30 
Troy Stecher             1  0  1   1  4   1  0  0  0  0  0/0    15:55   0:00   1:39 
Vincent Trocheck         0  1  1   0  0   3  0  0  0  0  14/22  20:33   0:00   1:30 

Players Stats for BANFF WOLVES

Player Name              G  A  P  +/- PIM S  H  SB GA TA FO     MP     PP MP  PK MP  
------------------------------------------------------------------------------------
Adam Erne                0  0  0   0  0   0  1  0  0  0  0/3     5:58   0:00   0:00 
Cam Fowler               0  0  0   1  0   0  1  1  0  0  0/0    23:57   2:42   0:00 
Elias Lindholm           1  1  2   2  0   4  2  0  0  0  13/29  24:21   2:51   0:00 
Eric Staal               0  0  0   0  0   0  0  0  0  0  2/8     6:05   0:07   0:00 
Ian Cole                 0  0  0  -1  0   0  5  2  0  0  0/0    15:30   0:00   0:00 
Jason Dickinson          0  0  0  -1  0   1  1  1  0  0  2/2    12:28   0:00   0:00 
Joel Eriksson Ek         1  0  1  -1  0   3  2  0  0  0  14/28  20:55   1:42   0:00 
John Tavares             1  1  2   2  0   4  2  0  0  0  2/2    23:54   1:42   0:00 
Jordan Staal             0  0  0  -1  0   1  3  0  0  0  2/9    12:28   0:00   0:00 
Justin Faulk             0  0  0   0  0   2  0  0  0  0  0/0    19:43   1:58   0:00 
Logan O'Connor           0  0  0   0  0   0  0  0  0  0  0/0     5:58   0:00   0:00 
Mats Zuccarello          0  0  0  -1  0   3  1  0  0  0  0/0    21:15   2:58   0:00 
Miro Heiskanen           0  0  0   1  0   2  1  1  0  0  0/0    27:37   1:58   0:00 
Nick Leddy               0  0  0  -1  0   3  3  0  0  0  0/0    16:32   0:00   0:00 
Quinton Hughes           0  0  0   0  0   1  0  0  0  0  0/0    24:58   2:42   0:00 
Roope Hintz              0  1  1  -1  0   1  1  0  0  0  1/1    21:38   2:58   0:00 
Timo Meier               0  0  0   2  0   3  2  1  0  0  1/1    21:30   1:42   0:00 
Tyler Toffoli            0  0  0  -1  0   6  0  0  0  0  0/1    13:30   0:00   0:00 

3 Stars

1 - Jean-Gabriel Pageau (BOI)
2 - Elias Lindholm (BAN)
3 - John Tavares (BAN)

Power Play

BOISE CARIBOUS - 0 on 0 Attempt(s) - 0,00%
BANFF WOLVES - 0 on 4 Attempt(s) - 0,00%

Penalty Kill

BOISE CARIBOUS - 4 on 4 Attempt(s) - 100,00% - Score 0 goal in Penalty Kill
BANFF WOLVES - 0 on 0 Attempt(s) - 0,00% - Score 0 goal in Penalty Kill

Team Stat

BOISE CARIBOUS - Hits : 18 - Faceoff Wins : 47 - Blocked Shots : 11 - Penalty Minutes : 8
BANFF WOLVES - Hits : 25 - Faceoff Wins : 37 - Blocked Shots : 6 - Penalty Minutes : 0

Official

Referees : Tim Peel and Mike Sheehan
Linesman : Brent Colby and Jim Harper

Game Notes

No Game Note

Finance

Level 1 -- Attendance: 6806 (96,54%) -- Ticket Income 850 750 $
Level 2 -- Attendance: 4811 (80,78%) -- Ticket Income 481 100 $
Level 3 -- Attendance: 2340 (100,00%) -- Ticket Income 140 400 $
Level 4 -- Attendance: 4315 (86,30%) -- Ticket Income 194 175 $
Luxury Box -- Attendance: 952 (89,39%) -- Ticket Income 261 800 $
Game was played at the Rocky Mountains Sports Complex.
Total Attendance: 19224 (89,79%)
Total Ticket Income: 1 928 225 $
Other Expense: 19 282 $
Total Income: 1 908 943 $

BOISE CARIBOUS

5 vs 5 Forward 
   Center                   Left Wing                Right Wing               Time % Phy DF OF 
 1 Tim Stutzle              Artturi Lehkonen         Nick Schmaltz            33     0   2  3  
 2 Vincent Trocheck         Lawson Crouse            Matt Duchene             31     1   2  2  
 3 Jean-Gabriel Pageau      Gabriel Vilardi          Charlie Coyle            26     1   2  2  
 4 Jesperi Kotkaniemi       Kirill Marchenko         Kaapo Kakko              10     0   3  2  

5 vs 5 Defense 
   Defense                  Defense                                           Time % Phy DF OF 
 1 Rasmus Dahlin            Rasmus Andersson                                  35     1   2  2  
 2 Marcus Pettersson        Moritz Seider                                     35     1   2  2  
 3 Dylan DeMelo             Troy Stecher                                      28     1   4  0  
 4 Rasmus Dahlin            Dylan DeMelo                                      2      1   2  2  

PowerPlay Forward 
   Center                   Left Wing                Right Wing               Time % Phy DF OF 
 1 Vincent Trocheck         Tim Stutzle              Nick Schmaltz            55     0   2  3  
 2 Jean-Gabriel Pageau      Lawson Crouse            Matt Duchene             45     0   2  3  

PowerPlay Defense
   Defense                  Defense                                           Time % Phy DF OF 
 1 Rasmus Dahlin            Artturi Lehkonen                                  55     0   2  3  
 2 Moritz Seider            Rasmus Andersson                                  45     0   2  3  

Penalty Kill 4 Players Forward 
   Center                   Wing                     Time % Phy DF OF 
 1 Jean-Gabriel Pageau      Charlie Coyle            55     0   3  2  
 2 Vincent Trocheck         Tim Stutzle              45     0   3  2  

Penalty Kill 4 Players Defense
   Defense                  Defense                  Time % Phy DF OF 
 1 Moritz Seider            Rasmus Andersson         55     1   4  0  
 2 Rasmus Dahlin            Marcus Pettersson        45     1   3  1  

Penalty Kill - 3 Players Forward 
   Forward                                           Time % Phy DF OF 
 1 Lawson Crouse                                     55     1   2  2  
 2 Kaapo Kakko                                       45     1   2  2  

Penalty Kill - 3 Players Defense
   Defense                  Defense                  Time % Phy DF OF 
 1 Dylan DeMelo             Troy Stecher             55     1   2  2  
 2 Rasmus Dahlin            Moritz Seider            45     1   2  2  

4 vs 4 Forward 
   Center                   Wing                     Time % Phy DF OF 
 1 Tim Stutzle              Gabriel Vilardi          55     1   2  2  
 2 Jesperi Kotkaniemi       Kirill Marchenko         45     1   2  2  

4 vs 4 Defense
   Defense                  Defense                  Time % Phy DF OF 
 1 Rasmus Dahlin            Moritz Seider            55     1   2  2  
 2 Dylan DeMelo             Marcus Pettersson        45     1   2  2  

Last Minutes Offensive
   Center                   Left Wing                Right Wing               Defense                  Defense                  
   Tim Stutzle              Artturi Lehkonen         Nick Schmaltz            Rasmus Dahlin            Rasmus Andersson         

Last Minutes Defensive
   Center                   Left Wing                Right Wing               Defense                  Defense                  
   Jean-Gabriel Pageau      Lawson Crouse            Charlie Coyle            Rasmus Dahlin            Moritz Seider            

Goaltenders
Starting : Ilya Sorokin             
Backup : Brian Elliott            

Extra Forwards
Normal : Matt Duchene, Gabriel Vilardi, Kirill Marchenko - PP : Kirill Marchenko, Tim Stutzle - PK : Lawson Crouse
Extra Defensemen
Normal : Dylan DeMelo, Troy Stecher, Moritz Seider - PP : Dylan DeMelo - PK : Troy Stecher, Marcus Pettersson
Penalty Shots
Tim Stutzle, Artturi Lehkonen, Vincent Trocheck, Charlie Coyle, Jean-Gabriel Pageau
Custom OT Lines Forwards
Tim Stutzle, Artturi Lehkonen, Vincent Trocheck, Charlie Coyle, Jean-Gabriel Pageau, Nick Schmaltz, Matt Duchene, Lawson Crouse, Gabriel Vilardi, Jesperi Kotkaniemi
Custom OT Lines Defensemen
Rasmus Dahlin, Rasmus Andersson, Moritz Seider, Marcus Pettersson, Dylan DeMelo

Scratches
None

BANFF WOLVES

5 vs 5 Forward 
   Center                   Left Wing                Right Wing               Time % Phy DF OF 
 1 Elias Lindholm           John Tavares             Timo Meier               37     0   1  4  
 2 Joel Eriksson Ek         Roope Hintz              Mats Zuccarello          32     0   1  4  
 3 Jordan Staal             Jason Dickinson          Tyler Toffoli            23     0   3  2  
 4 Eric Staal               Adam Erne                Logan O'Connor           8      0   4  0  

5 vs 5 Defense 
   Defense                  Defense                                           Time % Phy DF OF 
 1 Miro Heiskanen           Cam Fowler                                        36     0   1  4  
 2 Justin Faulk             Quinton Hughes                                    31     0   1  4  
 3 Nick Leddy               Ian Cole                                          23     1   3  1  
 4 Miro Heiskanen           Quinton Hughes                                    10     0   0  5  

PowerPlay Forward 
   Center                   Left Wing                Right Wing               Time % Phy DF OF 
 1 Elias Lindholm           Roope Hintz              Mats Zuccarello          55     0   0  5  
 2 Joel Eriksson Ek         John Tavares             Timo Meier               45     0   0  5  

PowerPlay Defense
   Defense                  Defense                                           Time % Phy DF OF 
 1 Quinton Hughes           Cam Fowler                                        55     0   0  5  
 2 Justin Faulk             Miro Heiskanen                                    45     0   0  5  

Penalty Kill 4 Players Forward 
   Center                   Wing                     Time % Phy DF OF 
 1 Jason Dickinson          Adam Erne                55     0   5  0  
 2 Eric Staal               Logan O'Connor           45     0   5  0  

Penalty Kill 4 Players Defense
   Defense                  Defense                  Time % Phy DF OF 
 1 Ian Cole                 Justin Faulk             55     0   5  0  
 2 Nick Leddy               Cam Fowler               45     0   5  0  

Penalty Kill - 3 Players Forward 
   Forward                                           Time % Phy DF OF 
 1 Eric Staal                                        55     0   5  0  
 2 Jason Dickinson                                   45     0   5  0  

Penalty Kill - 3 Players Defense
   Defense                  Defense                  Time % Phy DF OF 
 1 Justin Faulk             Ian Cole                 55     0   5  0  
 2 Nick Leddy               Cam Fowler               45     0   5  0  

4 vs 4 Forward 
   Center                   Wing                     Time % Phy DF OF 
 1 Joel Eriksson Ek         John Tavares             55     1   2  2  
 2 Elias Lindholm           Roope Hintz              45     1   2  2  

4 vs 4 Defense
   Defense                  Defense                  Time % Phy DF OF 
 1 Justin Faulk             Quinton Hughes           55     1   2  2  
 2 Miro Heiskanen           Cam Fowler               45     1   2  2  

Last Minutes Offensive
   Center                   Left Wing                Right Wing               Defense                  Defense                  
   Elias Lindholm           John Tavares             Mats Zuccarello          Miro Heiskanen           Quinton Hughes           

Last Minutes Defensive
   Center                   Left Wing                Right Wing               Defense                  Defense                  
   Joel Eriksson Ek         Jason Dickinson          Mats Zuccarello          Cam Fowler               Ian Cole                 

Goaltenders
Starting : Jordan Binnington        
Backup : Jeremy Swayman           

Extra Forwards
Normal : John Tavares, Mats Zuccarello, Roope Hintz - PP : Mats Zuccarello, John Tavares - PK : Joel Eriksson Ek
Extra Defensemen
Normal : Quinton Hughes, Miro Heiskanen, Justin Faulk - PP : Quinton Hughes - PK : Cam Fowler, Miro Heiskanen
Penalty Shots
Mats Zuccarello, Roope Hintz, John Tavares, Tyler Toffoli, Timo Meier
Custom OT Lines Forwards
John Tavares, Mats Zuccarello, Elias Lindholm, Roope Hintz, Joel Eriksson Ek, Tyler Toffoli, Timo Meier, Eric Staal, Jordan Staal, Jason Dickinson
Custom OT Lines Defensemen
Miro Heiskanen, Quinton Hughes, Justin Faulk, Cam Fowler, Nick Leddy

Scratches
Adam Henrique (Left Hand Injury), Simon Benoit (Healthy)

% Time on Ice - BOISE CARIBOUS

Lines # - Real PCT - Wanted PCT - Time Play
Normal Forward
1 - 32% - 33% - 17:39
2 - 33% - 31% - 18:23
3 - 25% - 26% - 13:41
4 - 10% - 10% - 5:37
Normal Defense
1 - 37% - 35% - 20:33
2 - 33% - 35% - 18:01
3 - 26% - 28% - 14:17
4 - 4% - 2% - 2:29
PP Forward
1 - 0% - 55%
2 - 0% - 45%
PP Defense
1 - 0% - 55%
2 - 0% - 45%
PK Forward
1 - 68% - 55% - 3:10
2 - 32% - 45% - 1:30
PK Defense
1 - 63% - 55% - 2:57
2 - 37% - 45% - 1:43
PK3 Forward
1 - 59% - 55% - 1:57
2 - 41% - 45% - 1:20
PK3 Defense
1 - 54% - 55% - 1:47
2 - 46% - 45% - 1:30
44 Forward
1 - 0% - 55%
2 - 0% - 45%
44 Defense
1 - 0% - 55%
2 - 0% - 45%
Last Minute Offensive  - 0:00
Last Minute Defensive  - 0:00
Total
Forward - 63:17
Defense - 63:17

% Time on Ice - BANFF WOLVES

Lines # - Real PCT - Wanted PCT - Time Play
Normal Forward
1 - 36% - 37% - 19:48
2 - 31% - 32% - 17:06
3 - 23% - 23% - 12:28
4 - 11% - 8% - 5:58
Normal Defense
1 - 36% - 36% - 19:41
2 - 29% - 31% - 16:02
3 - 28% - 23% - 15:30
4 - 7% - 10% - 4:07
PP Forward
1 - 64% - 55% - 2:58
2 - 36% - 45% - 1:42
PP Defense
1 - 58% - 55% - 2:42
2 - 42% - 45% - 1:58
PK Forward
1 - 0% - 55%
2 - 0% - 45%
PK Defense
1 - 0% - 55%
2 - 0% - 45%
PK3 Forward
1 - 0% - 55%
2 - 0% - 45%
PK3 Defense
1 - 0% - 55%
2 - 0% - 45%
44 Forward
1 - 52% - 55% - 1:43
2 - 48% - 45% - 1:34
44 Defense
1 - 52% - 55% - 1:43
2 - 48% - 45% - 1:34
Last Minute Offensive  - 0:00
Last Minute Defensive  - 0:00
Total
Forward - 63:17
Defense - 63:17

Play-by-Play

1st period


0:01 of 1st period - Timo Meier wins face-off versus Tim Stutzle in neutral zone.
0:09 of 1st period - Timo Meier is hit by Rasmus Dahlin and loses puck.
0:21 of 1st period - Icing by Artturi Lehkonen.
0:22 of 1st period - Joel Eriksson Ek wins face-off versus Tim Stutzle in BOISE CARIBOUS zone.
1:02 of 1st period - Icing by Joel Eriksson Ek.
1:03 of 1st period - Vincent Trocheck wins face-off versus Joel Eriksson Ek in BANFF WOLVES zone.
1:06 of 1st period - Shot by Vincent Trocheck.
1:06 of 1st period - Shot Misses the Net.
1:46 of 1st period - Shot by Lawson Crouse.
1:46 of 1st period - Shot Misses the Net.
1:48 of 1st period - Shot by Moritz Seider.
1:48 of 1st period - Shot Misses the Net.
1:50 of 1st period - Shot by Lawson Crouse.
1:50 of 1st period - Shot Blocked by Ian Cole.
2:08 of 1st period - Shot by Jordan Staal.
2:08 of 1st period - Shot Blocked by Dylan DeMelo.
2:20 of 1st period - Shot by Jean-Gabriel Pageau.
2:20 of 1st period - Deflect By Charlie Coyle.
2:20 of 1st period - Shot Blocked by Jason Dickinson.
2:22 of 1st period - Shot by Troy Stecher.
2:22 of 1st period - Goal by Troy Stecher - BOISE CARIBOUS : 1 - BANFF WOLVES : 0.
2:23 of 1st period - Kirill Marchenko wins face-off versus Elias Lindholm in neutral zone.
3:29 of 1st period - Shot by Charlie Coyle.
3:29 of 1st period - Shot Misses the Net.
3:49 of 1st period - Shot by Charlie Coyle.
3:49 of 1st period - Stopped by Jordan Binnington without a rebound.
3:50 of 1st period - Joel Eriksson Ek wins face-off versus Vincent Trocheck in BANFF WOLVES zone.
3:55 of 1st period - Lawson Crouse is hit by Mats Zuccarello and loses puck.
4:00 of 1st period - Shot by Joel Eriksson Ek.
4:00 of 1st period - Shot Misses the Net.
4:02 of 1st period - Shot by Nick Leddy.
4:02 of 1st period - Stopped by Ilya Sorokin without a rebound.
4:03 of 1st period - Jordan Staal wins face-off versus Tim Stutzle in BOISE CARIBOUS zone.
4:33 of 1st period - Jason Dickinson is hit by Moritz Seider and loses puck.
5:11 of 1st period - Icing by Miro Heiskanen.
5:12 of 1st period - Elias Lindholm wins face-off versus Jean-Gabriel Pageau in BANFF WOLVES zone.
5:47 of 1st period - Shot by Elias Lindholm.
5:47 of 1st period - Stopped by Ilya Sorokin without a rebound.
5:48 of 1st period - Joel Eriksson Ek wins face-off versus Vincent Trocheck in BOISE CARIBOUS zone.
5:51 of 1st period - Shot by Joel Eriksson Ek.
5:51 of 1st period - Goal by Joel Eriksson Ek - BOISE CARIBOUS : 1 - BANFF WOLVES : 1.
5:52 of 1st period - Vincent Trocheck wins face-off versus Joel Eriksson Ek in neutral zone.
5:57 of 1st period - Shot by Matt Duchene.
5:57 of 1st period - Shot Hit the Post.
5:59 of 1st period - Shot by Matt Duchene.
5:59 of 1st period - Goal by Matt Duchene - BOISE CARIBOUS : 2 - BANFF WOLVES : 1.
6:00 of 1st period - Joel Eriksson Ek wins face-off versus Vincent Trocheck in neutral zone.
6:05 of 1st period - Shot by Mats Zuccarello.
6:05 of 1st period - Stopped by Ilya Sorokin without a rebound.
6:06 of 1st period - Vincent Trocheck wins face-off versus Joel Eriksson Ek in BOISE CARIBOUS zone.
6:06 of 1st period - Vincent Trocheck is hit by Joel Eriksson Ek.
6:39 of 1st period - Joel Eriksson Ek is hit by Dylan DeMelo and loses puck.
6:43 of 1st period - Icing by Dylan DeMelo.
6:44 of 1st period - Vincent Trocheck wins face-off versus Elias Lindholm in BOISE CARIBOUS zone.
6:44 of 1st period - Vincent Trocheck is hit by Timo Meier.
6:49 of 1st period - Vincent Trocheck is hit by Ian Cole and loses puck.
7:15 of 1st period - Shot by Timo Meier.
7:15 of 1st period - Deflect By John Tavares.
7:15 of 1st period - Shot Hit the Post.
7:17 of 1st period - Shot by Timo Meier.
7:17 of 1st period - Shot Misses the Net.
7:30 of 1st period - Icing by Dylan DeMelo.
7:31 of 1st period - Vincent Trocheck wins face-off versus Joel Eriksson Ek in BOISE CARIBOUS zone.
7:41 of 1st period - Icing by Cam Fowler.
7:42 of 1st period - Artturi Lehkonen wins face-off versus Joel Eriksson Ek in BANFF WOLVES zone.
7:47 of 1st period - Shot by Nick Schmaltz.
7:47 of 1st period - Stopped by Jordan Binnington without a rebound.
7:48 of 1st period - Tim Stutzle wins face-off versus Adam Erne in BANFF WOLVES zone.
8:17 of 1st period - Moritz Seider is hit by Adam Erne and loses puck.
9:17 of 1st period - Off-side.
9:18 of 1st period - Jesperi Kotkaniemi wins face-off versus Joel Eriksson Ek in neutral zone.
9:30 of 1st period - Shot by Mats Zuccarello.
9:30 of 1st period - Shot Blocked by Rasmus Dahlin.
9:42 of 1st period - Mats Zuccarello is hit by Kaapo Kakko and loses puck.
10:40 of 1st period - Shot by Justin Faulk.
10:40 of 1st period - Shot Misses the Net.
10:46 of 1st period - Shot by Tyler Toffoli.
10:46 of 1st period - Stopped by Ilya Sorokin with a rebound.
10:48 of 1st period - Shot by Jason Dickinson.
10:48 of 1st period - Shot Misses the Net.
10:50 of 1st period - Shot by Justin Faulk.
10:50 of 1st period - Shot Misses the Net.
11:22 of 1st period - Shot by Miro Heiskanen.
11:22 of 1st period - Shot Misses the Net.
11:48 of 1st period - Shot by Artturi Lehkonen.
11:48 of 1st period - Shot Blocked by Cam Fowler.
11:50 of 1st period - Shot by Tim Stutzle.
11:50 of 1st period - Shot Blocked by Timo Meier.
11:52 of 1st period - Shot by Tim Stutzle.
11:52 of 1st period - Deflect By Nick Schmaltz.
11:52 of 1st period - Shot Misses the Net.
12:27 of 1st period - Mats Zuccarello is hit by Dylan DeMelo and loses puck.
13:02 of 1st period - Jordan Staal is hit by Lawson Crouse and loses puck.
13:38 of 1st period - Shot by Jason Dickinson.
13:38 of 1st period - Shot Misses the Net.
13:40 of 1st period - Shot by Jordan Staal.
13:40 of 1st period - Stopped by Ilya Sorokin with a rebound.
13:42 of 1st period - Shot by Justin Faulk.
13:42 of 1st period - Stopped by Ilya Sorokin without a rebound.
13:43 of 1st period - Tim Stutzle wins face-off versus Adam Erne in BOISE CARIBOUS zone.
13:52 of 1st period - Shot by Nick Schmaltz.
13:52 of 1st period - Stopped by Jordan Binnington with a rebound.
13:54 of 1st period - Shot by Moritz Seider.
13:54 of 1st period - Shot Misses the Net.
13:56 of 1st period - Shot by Artturi Lehkonen.
13:56 of 1st period - Stopped by Jordan Binnington without a rebound.
13:57 of 1st period - Jean-Gabriel Pageau wins face-off versus Elias Lindholm in BANFF WOLVES zone.
14:17 of 1st period - Timo Meier is hit by Jean-Gabriel Pageau and loses puck.
14:26 of 1st period - Icing by Cam Fowler.
14:27 of 1st period - Elias Lindholm wins face-off versus Tim Stutzle in BANFF WOLVES zone.
14:37 of 1st period - Shot by Elias Lindholm.
14:37 of 1st period - Stopped by Ilya Sorokin with a rebound.
14:39 of 1st period - Shot by Elias Lindholm.
14:39 of 1st period - Shot Misses the Net.
14:41 of 1st period - Shot by Elias Lindholm.
14:41 of 1st period - Shot Misses the Net.
14:51 of 1st period - Shot by Timo Meier.
14:51 of 1st period - Stopped by Ilya Sorokin without a rebound.
14:51 of 1st period - Minor Penalty to Moritz Seider for Interference.
14:52 of 1st period - Jean-Gabriel Pageau wins face-off versus Elias Lindholm in BOISE CARIBOUS zone.
15:11 of 1st period - Shot by Quinton Hughes.
15:11 of 1st period - Shot Blocked by Rasmus Andersson.
15:13 of 1st period - Shot by Roope Hintz.
15:13 of 1st period - Deflect By Mats Zuccarello.
15:13 of 1st period - Stopped by Ilya Sorokin without a rebound.
15:14 of 1st period - Jean-Gabriel Pageau wins face-off versus Joel Eriksson Ek in BOISE CARIBOUS zone.
15:14 of 1st period - Jean-Gabriel Pageau is hit by John Tavares.
15:27 of 1st period - Shot by Miro Heiskanen.
15:27 of 1st period - Stopped by Ilya Sorokin without a rebound.
15:28 of 1st period - Elias Lindholm wins face-off versus Vincent Trocheck in BOISE CARIBOUS zone.
16:57 of 1st period - Shot by Tyler Toffoli.
16:57 of 1st period - Stopped by Ilya Sorokin without a rebound.
16:58 of 1st period - Kaapo Kakko wins face-off versus Jordan Staal in BOISE CARIBOUS zone.
16:58 of 1st period - Rasmus Dahlin is hit by Jordan Staal.
17:02 of 1st period - Shot by Jason Dickinson.
17:02 of 1st period - Shot Blocked by Rasmus Dahlin.
17:32 of 1st period - Shot by Kaapo Kakko.
17:32 of 1st period - Deflect By Jesperi Kotkaniemi.
17:32 of 1st period - Stopped by Jordan Binnington without a rebound.
17:33 of 1st period - Joel Eriksson Ek wins face-off versus Tim Stutzle in BANFF WOLVES zone.
17:33 of 1st period - Joel Eriksson Ek is hit by Tim Stutzle.
17:47 of 1st period - Shot by Tim Stutzle.
17:47 of 1st period - Deflect By Nick Schmaltz.
17:47 of 1st period - Stopped by Jordan Binnington without a rebound.
17:48 of 1st period - John Tavares wins face-off versus Jean-Gabriel Pageau in BANFF WOLVES zone.
18:07 of 1st period - Shot by Jean-Gabriel Pageau.
18:07 of 1st period - Shot Misses the Net.
18:24 of 1st period - Icing by Rasmus Andersson.
18:25 of 1st period - Jean-Gabriel Pageau wins face-off versus Joel Eriksson Ek in BOISE CARIBOUS zone.
18:55 of 1st period - Justin Faulk is hit by Jean-Gabriel Pageau and loses puck.
19:18 of 1st period - Nick Schmaltz is hit by Joel Eriksson Ek and loses puck.
19:29 of 1st period - Miro Heiskanen is hit by Tim Stutzle and loses puck.
19:56 of 1st period - Marcus Pettersson is hit by Timo Meier and loses puck.
Goals for this period are 2 for BOISE CARIBOUS vs 1 for BANFF WOLVES.
Shots for this period are 8 for BOISE CARIBOUS vs 12 for BANFF WOLVES.

2nd period


0:01 of 2nd period - Vincent Trocheck wins face-off versus Joel Eriksson Ek in neutral zone.
0:43 of 2nd period - Shot by Matt Duchene.
0:43 of 2nd period - Stopped by Jordan Binnington without a rebound.
0:44 of 2nd period - Elias Lindholm wins face-off versus Tim Stutzle in BANFF WOLVES zone.
0:51 of 2nd period - Shot by Timo Meier.
0:51 of 2nd period - Stopped by Ilya Sorokin without a rebound.
0:52 of 2nd period - Artturi Lehkonen wins face-off versus Elias Lindholm in BOISE CARIBOUS zone.
1:12 of 2nd period - Shot by Elias Lindholm.
1:12 of 2nd period - Goal by Elias Lindholm - BOISE CARIBOUS : 2 - BANFF WOLVES : 2.
1:13 of 2nd period - Vincent Trocheck wins face-off versus Tyler Toffoli in neutral zone.
2:37 of 2nd period - Shot by Tim Stutzle.
2:37 of 2nd period - Shot Misses the Net.
3:07 of 2nd period - Moritz Seider is hit by John Tavares.
3:40 of 2nd period - Shot by Jean-Gabriel Pageau.
3:40 of 2nd period - Stopped by Jordan Binnington without a rebound.
3:41 of 2nd period - Vincent Trocheck wins face-off versus Joel Eriksson Ek in BANFF WOLVES zone.
4:03 of 2nd period - Vincent Trocheck is hit by Ian Cole and loses puck.
4:08 of 2nd period - Shot by Vincent Trocheck.
4:08 of 2nd period - Stopped by Jordan Binnington with a rebound.
4:10 of 2nd period - Shot by Rasmus Dahlin.
4:10 of 2nd period - Shot Misses the Net.
4:17 of 2nd period - Lawson Crouse is hit by Nick Leddy and loses puck.
4:23 of 2nd period - Vincent Trocheck is hit by Nick Leddy and loses puck.
5:10 of 2nd period - Icing by Nick Leddy.
5:11 of 2nd period - Jean-Gabriel Pageau wins face-off versus Joel Eriksson Ek in BANFF WOLVES zone.
5:13 of 2nd period - Gabriel Vilardi is hit by Ian Cole and loses puck.
5:16 of 2nd period - Shot by Charlie Coyle.
5:16 of 2nd period - Shot Misses the Net.
5:27 of 2nd period - Jean-Gabriel Pageau is hit by Nick Leddy and loses puck.
5:52 of 2nd period - Shot by Jean-Gabriel Pageau.
5:52 of 2nd period - Goal by Jean-Gabriel Pageau - BOISE CARIBOUS : 3 - BANFF WOLVES : 2.
5:53 of 2nd period - Elias Lindholm wins face-off versus Tim Stutzle in neutral zone.
5:56 of 2nd period - Shot by John Tavares.
5:56 of 2nd period - Goal by John Tavares - BOISE CARIBOUS : 3 - BANFF WOLVES : 3.
5:57 of 2nd period - Elias Lindholm wins face-off versus Tim Stutzle in neutral zone.
6:12 of 2nd period - Shot by Elias Lindholm.
6:12 of 2nd period - Shot Misses the Net.
6:22 of 2nd period - Shot by Nick Schmaltz.
6:22 of 2nd period - Shot Misses the Net.
6:24 of 2nd period - Shot by Artturi Lehkonen.
6:24 of 2nd period - Stopped by Jordan Binnington without a rebound.
6:25 of 2nd period - Jordan Staal wins face-off versus Lawson Crouse in BANFF WOLVES zone.
6:59 of 2nd period - Vincent Trocheck is hit by Jordan Staal and loses puck.
7:04 of 2nd period - Shot by Tyler Toffoli.
7:04 of 2nd period - Shot Misses the Net.
7:06 of 2nd period - Shot by Justin Faulk.
7:06 of 2nd period - Shot Misses the Net.
7:08 of 2nd period - Shot by Jason Dickinson.
7:08 of 2nd period - Stopped by Ilya Sorokin without a rebound.
7:09 of 2nd period - Jean-Gabriel Pageau wins face-off versus Elias Lindholm in BOISE CARIBOUS zone.
8:47 of 2nd period - Icing by Quinton Hughes.
8:48 of 2nd period - Tim Stutzle wins face-off versus Eric Staal in BANFF WOLVES zone.
8:59 of 2nd period - Quinton Hughes is hit by Artturi Lehkonen and loses puck.
10:11 of 2nd period - Icing by Moritz Seider.
10:12 of 2nd period - Vincent Trocheck wins face-off versus Elias Lindholm in BOISE CARIBOUS zone.
10:17 of 2nd period - Shot by Lawson Crouse.
10:17 of 2nd period - Stopped by Jordan Binnington without a rebound.
10:18 of 2nd period - Elias Lindholm wins face-off versus Jesperi Kotkaniemi in BANFF WOLVES zone.
10:22 of 2nd period - Off-side.
10:23 of 2nd period - Vincent Trocheck wins face-off versus Elias Lindholm in neutral zone.
10:28 of 2nd period - Icing by Miro Heiskanen.
10:29 of 2nd period - Elias Lindholm wins face-off versus Nick Schmaltz in BANFF WOLVES zone.
10:40 of 2nd period - Shot by John Tavares.
10:40 of 2nd period - Stopped by Ilya Sorokin without a rebound.
10:41 of 2nd period - Jason Dickinson wins face-off versus Vincent Trocheck in BOISE CARIBOUS zone.
11:43 of 2nd period - Tim Stutzle is hit by Jason Dickinson and loses puck.
12:06 of 2nd period - Shot by John Tavares.
12:06 of 2nd period - Shot Misses the Net.
12:08 of 2nd period - Shot by Elias Lindholm.
12:08 of 2nd period - Shot Blocked by Artturi Lehkonen.
12:10 of 2nd period - Shot by John Tavares.
12:10 of 2nd period - Shot Blocked by Rasmus Dahlin.
12:12 of 2nd period - Shot by Elias Lindholm.
12:12 of 2nd period - Shot Misses the Net.
12:14 of 2nd period - Shot by Nick Leddy.
12:14 of 2nd period - Stopped by Ilya Sorokin without a rebound.
12:15 of 2nd period - Jesperi Kotkaniemi wins face-off versus Joel Eriksson Ek in BOISE CARIBOUS zone.
12:42 of 2nd period - Icing by Ian Cole.
12:43 of 2nd period - Jean-Gabriel Pageau wins face-off versus Joel Eriksson Ek in BANFF WOLVES zone.
13:14 of 2nd period - Icing by Charlie Coyle.
13:15 of 2nd period - Elias Lindholm wins face-off versus Jean-Gabriel Pageau in BOISE CARIBOUS zone.
14:50 of 2nd period - Shot by Artturi Lehkonen.
14:50 of 2nd period - Stopped by Jordan Binnington without a rebound.
14:51 of 2nd period - Joel Eriksson Ek wins face-off versus Vincent Trocheck in BANFF WOLVES zone.
14:56 of 2nd period - Shot by Joel Eriksson Ek.
14:56 of 2nd period - Deflect By Roope Hintz.
14:56 of 2nd period - Shot Misses the Net.
15:09 of 2nd period - Lawson Crouse is hit by Ian Cole and loses puck.
15:15 of 2nd period - Matt Duchene is hit by Ian Cole and loses puck.
15:18 of 2nd period - Shot by Lawson Crouse.
15:18 of 2nd period - Deflect By Vincent Trocheck.
15:18 of 2nd period - Stopped by Jordan Binnington with a rebound.
15:26 of 2nd period - Shot by Matt Duchene.
15:26 of 2nd period - Shot Blocked by Ian Cole.
16:04 of 2nd period - Shot by Timo Meier.
16:04 of 2nd period - Shot Blocked by Rasmus Dahlin.
16:22 of 2nd period - Shot by Timo Meier.
16:22 of 2nd period - Stopped by Ilya Sorokin without a rebound.
16:23 of 2nd period - Jesperi Kotkaniemi wins face-off versus Jordan Staal in BOISE CARIBOUS zone.
17:32 of 2nd period - Shot by Elias Lindholm.
17:32 of 2nd period - Stopped by Ilya Sorokin without a rebound.
17:33 of 2nd period - Joel Eriksson Ek wins face-off versus Tim Stutzle in BOISE CARIBOUS zone.
17:36 of 2nd period - Shot by Roope Hintz.
17:36 of 2nd period - Deflect By Mats Zuccarello.
17:36 of 2nd period - Shot Misses the Net.
17:38 of 2nd period - Shot by Roope Hintz.
17:38 of 2nd period - Shot Misses the Net.
17:40 of 2nd period - Shot by Joel Eriksson Ek.
17:40 of 2nd period - Stopped by Ilya Sorokin without a rebound.
17:41 of 2nd period - Elias Lindholm wins face-off versus Tim Stutzle in BOISE CARIBOUS zone.
17:46 of 2nd period - Shot by John Tavares.
17:46 of 2nd period - Stopped by Ilya Sorokin with a rebound.
17:48 of 2nd period - Shot by Elias Lindholm.
17:48 of 2nd period - Shot Misses the Net.
17:50 of 2nd period - Shot by Miro Heiskanen.
17:50 of 2nd period - Stopped by Ilya Sorokin without a rebound.
17:51 of 2nd period - Vincent Trocheck wins face-off versus Elias Lindholm in BOISE CARIBOUS zone.
18:00 of 2nd period - Shot by Lawson Crouse.
18:00 of 2nd period - Shot Misses the Net.
18:27 of 2nd period - Timo Meier is hit by Rasmus Dahlin and loses puck.
18:40 of 2nd period - Rasmus Andersson is hit by Elias Lindholm and loses puck.
19:25 of 2nd period - Shot by Joel Eriksson Ek.
19:25 of 2nd period - Stopped by Ilya Sorokin without a rebound.
19:26 of 2nd period - Jean-Gabriel Pageau wins face-off versus Jordan Staal in BOISE CARIBOUS zone.
19:49 of 2nd period - Marcus Pettersson is hit by Jordan Staal.
19:57 of 2nd period - Shot by Tyler Toffoli.
19:57 of 2nd period - Shot Blocked by Charlie Coyle.
19:59 of 2nd period - Shot by Nick Leddy.
19:59 of 2nd period - Stopped by Ilya Sorokin without a rebound.
Goals for this period are 1 for BOISE CARIBOUS vs 2 for BANFF WOLVES.
Shots for this period are 8 for BOISE CARIBOUS vs 13 for BANFF WOLVES.

3rd period


0:01 of 3rd period - Tim Stutzle wins face-off versus Joel Eriksson Ek in neutral zone.
0:08 of 3rd period - Shot by Tim Stutzle.
0:08 of 3rd period - Stopped by Jordan Binnington without a rebound.
0:09 of 3rd period - Joel Eriksson Ek wins face-off versus Tim Stutzle in BANFF WOLVES zone.
0:29 of 3rd period - Icing by Tim Stutzle.
0:30 of 3rd period - Elias Lindholm wins face-off versus Artturi Lehkonen in BOISE CARIBOUS zone.
0:45 of 3rd period - Shot by John Tavares.
0:45 of 3rd period - Shot Misses the Net.
0:52 of 3rd period - Icing by Nick Schmaltz.
0:53 of 3rd period - Joel Eriksson Ek wins face-off versus Nick Schmaltz in BOISE CARIBOUS zone.
1:03 of 3rd period - Icing by Nick Schmaltz.
1:04 of 3rd period - Tim Stutzle wins face-off versus Elias Lindholm in BOISE CARIBOUS zone.
1:44 of 3rd period - Icing by Miro Heiskanen.
1:45 of 3rd period - Vincent Trocheck wins face-off versus Elias Lindholm in BANFF WOLVES zone.
1:46 of 3rd period - Shot by Matt Duchene.
1:46 of 3rd period - Shot Blocked by Miro Heiskanen.
2:25 of 3rd period - Shot by Vincent Trocheck.
2:25 of 3rd period - Shot Misses the Net.
2:37 of 3rd period - Shot by Joel Eriksson Ek.
2:37 of 3rd period - Shot Misses the Net.
2:59 of 3rd period - Shot by Roope Hintz.
2:59 of 3rd period - Stopped by Ilya Sorokin with a rebound.
3:19 of 3rd period - Shot by Tyler Toffoli.
3:19 of 3rd period - Shot Misses the Net.
3:31 of 3rd period - Shot by Miro Heiskanen.
3:31 of 3rd period - Shot Misses the Net.
3:37 of 3rd period - Shot by Tyler Toffoli.
3:37 of 3rd period - Stopped by Ilya Sorokin without a rebound.
3:38 of 3rd period - Jean-Gabriel Pageau wins face-off versus Eric Staal in BOISE CARIBOUS zone.
3:43 of 3rd period - Shot by Quinton Hughes.
3:43 of 3rd period - Shot Blocked by Moritz Seider.
3:45 of 3rd period - Shot by Justin Faulk.
3:45 of 3rd period - Stopped by Ilya Sorokin without a rebound.
3:46 of 3rd period - Gabriel Vilardi wins face-off versus Elias Lindholm in BOISE CARIBOUS zone.
4:17 of 3rd period - Shot by Charlie Coyle.
4:17 of 3rd period - Stopped by Jordan Binnington with a rebound.
4:40 of 3rd period - Quinton Hughes is hit by Jean-Gabriel Pageau and loses puck.
5:30 of 3rd period - Tim Stutzle is hit by Miro Heiskanen and loses puck.
5:49 of 3rd period - Shot by Jesperi Kotkaniemi.
5:49 of 3rd period - Shot Misses the Net.
5:51 of 3rd period - Shot by Jesperi Kotkaniemi.
5:51 of 3rd period - Shot Misses the Net.
5:57 of 3rd period - Shot by Kaapo Kakko.
5:57 of 3rd period - Shot Misses the Net.
5:59 of 3rd period - Shot by Moritz Seider.
5:59 of 3rd period - Stopped by Jordan Binnington without a rebound.
6:00 of 3rd period - Matt Duchene wins face-off versus Jordan Staal in BANFF WOLVES zone.
6:19 of 3rd period - Shot by Matt Duchene.
6:19 of 3rd period - Stopped by Jordan Binnington without a rebound.
6:20 of 3rd period - Eric Staal wins face-off versus Jean-Gabriel Pageau in BANFF WOLVES zone.
6:33 of 3rd period - Shot by Logan O'Connor.
6:33 of 3rd period - Shot Misses the Net.
6:55 of 3rd period - Shot by Charlie Coyle.
6:55 of 3rd period - Shot Misses the Net.
7:16 of 3rd period - Icing by Eric Staal.
7:17 of 3rd period - Matt Duchene wins face-off versus Eric Staal in BANFF WOLVES zone.
7:21 of 3rd period - Icing by Nick Leddy.
7:22 of 3rd period - Tim Stutzle wins face-off versus Eric Staal in BANFF WOLVES zone.
7:31 of 3rd period - Shot by Nick Schmaltz.
7:31 of 3rd period - Stopped by Jordan Binnington without a rebound.
7:32 of 3rd period - Roope Hintz wins face-off versus Tim Stutzle in BANFF WOLVES zone.
7:34 of 3rd period - Icing by Mats Zuccarello.
7:35 of 3rd period - Joel Eriksson Ek wins face-off versus Matt Duchene in BANFF WOLVES zone.
8:39 of 3rd period - Icing by Moritz Seider.
8:40 of 3rd period - Elias Lindholm wins face-off versus Tim Stutzle in BOISE CARIBOUS zone.
9:08 of 3rd period - Shot by Nick Schmaltz.
9:08 of 3rd period - Stopped by Jordan Binnington without a rebound.
9:09 of 3rd period - Jean-Gabriel Pageau wins face-off versus Jordan Staal in BANFF WOLVES zone.
9:43 of 3rd period - Icing by Jordan Staal.
9:44 of 3rd period - Artturi Lehkonen wins face-off versus Jordan Staal in BANFF WOLVES zone.
9:56 of 3rd period - Off-side.
9:57 of 3rd period - Jesperi Kotkaniemi wins face-off versus Elias Lindholm in neutral zone.
10:29 of 3rd period - John Tavares is hit by Rasmus Dahlin and loses puck.
10:35 of 3rd period - Minor Penalty to Rasmus Dahlin for Interference.
10:36 of 3rd period - Elias Lindholm wins face-off versus Jean-Gabriel Pageau in BOISE CARIBOUS zone.
10:37 of 3rd period - Shot by Quinton Hughes.
10:37 of 3rd period - Shot Misses the Net.
11:42 of 3rd period - Shot by Tim Stutzle.
11:42 of 3rd period - Shot Misses the Net.
12:14 of 3rd period - Charlie Coyle is hit by Elias Lindholm and loses puck.
12:27 of 3rd period - Shot by Quinton Hughes.
12:27 of 3rd period - Stopped by Ilya Sorokin without a rebound.
12:28 of 3rd period - Eric Staal wins face-off versus Vincent Trocheck in BOISE CARIBOUS zone.
13:01 of 3rd period - Shot by Tyler Toffoli.
13:01 of 3rd period - Shot Misses the Net.
13:03 of 3rd period - Shot by Ian Cole.
13:03 of 3rd period - Shot Misses the Net.
13:07 of 3rd period - Shot by Tyler Toffoli.
13:07 of 3rd period - Stopped by Ilya Sorokin without a rebound.
13:08 of 3rd period - Tim Stutzle wins face-off versus Adam Erne in BOISE CARIBOUS zone.
13:32 of 3rd period - Icing by Rasmus Dahlin.
13:33 of 3rd period - Joel Eriksson Ek wins face-off versus Tim Stutzle in BOISE CARIBOUS zone.
13:40 of 3rd period - Shot by Joel Eriksson Ek.
13:40 of 3rd period - Shot Blocked by Tim Stutzle.
14:06 of 3rd period - Rasmus Dahlin is hit by Cam Fowler and loses puck.
15:23 of 3rd period - Icing by Marcus Pettersson.
15:24 of 3rd period - Jason Dickinson wins face-off versus Vincent Trocheck in BOISE CARIBOUS zone.
15:26 of 3rd period - Tyler Toffoli is hit by Moritz Seider and loses puck.
16:02 of 3rd period - Shot by Jason Dickinson.
16:02 of 3rd period - Shot Misses the Net.
16:04 of 3rd period - Shot by Tyler Toffoli.
16:04 of 3rd period - Stopped by Ilya Sorokin without a rebound.
16:05 of 3rd period - Tim Stutzle wins face-off versus Elias Lindholm in BOISE CARIBOUS zone.
16:36 of 3rd period - Shot by John Tavares.
16:36 of 3rd period - Stopped by Ilya Sorokin without a rebound.
16:37 of 3rd period - Jean-Gabriel Pageau wins face-off versus Eric Staal in BOISE CARIBOUS zone.
16:44 of 3rd period - Shot by Gabriel Vilardi.
16:44 of 3rd period - Shot Misses the Net.
17:03 of 3rd period - Icing by Miro Heiskanen.
17:04 of 3rd period - Vincent Trocheck wins face-off versus Eric Staal in BANFF WOLVES zone.
17:47 of 3rd period - John Tavares is hit by Rasmus Andersson and loses puck.
18:10 of 3rd period - Elias Lindholm is hit by Rasmus Andersson and loses puck.
18:37 of 3rd period - Shot by Roope Hintz.
18:37 of 3rd period - Shot Misses the Net.
18:42 of 3rd period - Roope Hintz is hit by Rasmus Dahlin and loses puck.
18:55 of 3rd period - Shot by Mats Zuccarello.
18:55 of 3rd period - Stopped by Ilya Sorokin without a rebound.
18:56 of 3rd period - Jean-Gabriel Pageau wins face-off versus Jordan Staal in BOISE CARIBOUS zone.
19:17 of 3rd period - Shot by Tyler Toffoli.
19:17 of 3rd period - Stopped by Ilya Sorokin without a rebound.
19:17 of 3rd period - Double Minor Penalty to Troy Stecher for Roughing.
19:18 of 3rd period - Jean-Gabriel Pageau wins face-off versus Elias Lindholm in BOISE CARIBOUS zone.
19:18 of 3rd period - Jean-Gabriel Pageau is hit by Roope Hintz.
Goals for this period are 0 for BOISE CARIBOUS vs 0 for BANFF WOLVES.
Shots for this period are 6 for BOISE CARIBOUS vs 9 for BANFF WOLVES.

Overtime #1


0:01 of 1st overtime period - Joel Eriksson Ek wins face-off versus Lawson Crouse in neutral zone.
0:05 of 1st overtime period - Off-side.
0:06 of 1st overtime period - Joel Eriksson Ek wins face-off versus Lawson Crouse in neutral zone.
0:11 of 1st overtime period - Shot by John Tavares.
0:11 of 1st overtime period - Shot Misses the Net.
1:31 of 1st overtime period - Shot by Roope Hintz.
1:31 of 1st overtime period - Shot Blocked by Dylan DeMelo.
2:02 of 1st overtime period - Off-side.
2:03 of 1st overtime period - Joel Eriksson Ek wins face-off versus Kaapo Kakko in neutral zone.
3:40 of 1st overtime period - Shot by Tim Stutzle.
3:40 of 1st overtime period - Deflect By Artturi Lehkonen.
3:40 of 1st overtime period - Shot Misses the Net.
4:42 of 1st overtime period - Shot by Vincent Trocheck.
4:42 of 1st overtime period - Deflect By Charlie Coyle.
4:42 of 1st overtime period - Stopped by Jordan Binnington without a rebound.
4:43 of 1st overtime period - Vincent Trocheck wins face-off versus Elias Lindholm in BANFF WOLVES zone.
4:50 of 1st overtime period - Shot by Vincent Trocheck.
4:50 of 1st overtime period - Stopped by Jordan Binnington without a rebound.
4:51 of 1st overtime period - John Tavares wins face-off versus Tim Stutzle in BANFF WOLVES zone.
Goals for this period are 0 for BOISE CARIBOUS vs 0 for BANFF WOLVES.
Shots for this period are 2 for BOISE CARIBOUS vs 0 for BANFF WOLVES.

ShootOut


5:00 of 1st overtime period - Round #1.
5:00 of 1st overtime period - BOISE CARIBOUS, Tim Stutzle.
5:00 of 1st overtime period - Stopped by Jordan Binnington.
5:00 of 1st overtime period - BANFF WOLVES, Mats Zuccarello.
5:00 of 1st overtime period - Stopped by Ilya Sorokin.
5:00 of 1st overtime period - Round #2.
5:00 of 1st overtime period - BOISE CARIBOUS, Artturi Lehkonen.
5:00 of 1st overtime period - Stopped by Jordan Binnington.
5:00 of 1st overtime period - BANFF WOLVES, Roope Hintz.
5:00 of 1st overtime period - Shot Misses the Net.
5:00 of 1st overtime period - Round #3.
5:00 of 1st overtime period - BOISE CARIBOUS, Vincent Trocheck.
5:00 of 1st overtime period - Shot Misses the Net.
5:00 of 1st overtime period - BANFF WOLVES, John Tavares.
5:00 of 1st overtime period - Stopped by Ilya Sorokin.
5:00 of 1st overtime period - Round #4.
5:00 of 1st overtime period - BOISE CARIBOUS, Charlie Coyle.
5:00 of 1st overtime period - Stopped by Jordan Binnington.
5:00 of 1st overtime period - BANFF WOLVES, Tyler Toffoli.
5:00 of 1st overtime period - Stopped by Ilya Sorokin.
5:00 of 1st overtime period - Round #5.
5:00 of 1st overtime period - BOISE CARIBOUS, Jean-Gabriel Pageau.
5:00 of 1st overtime period - Goal by Jean-Gabriel Pageau.
5:00 of 1st overtime period - BANFF WOLVES, Timo Meier.
5:00 of 1st overtime period - Shot Misses the Net.


ROOPE
HINTZ
ARTEMI
PANARIN
MIRO
HEISKANEN

EAST COAST

HOCKEY LEAGUE

  • 59.RHI1PIT5
  • 60.WOR6ATL7
  • 61.CHWQUE
  • 62.TRVCHA